 Dungeon Crawl Stone Soup version 0.32-a0-999-gfa1cc04b1d (webtiles) character file.

Game seed: 5796182222677680314

1792903 RBrandon the Swordfish (level 27, 240/240 HPs)
             Began as a Merfolk Brigand on Apr 23, 2024.
             Was the Champion of Hepliaklqana.
             Escaped with the Orb
             ... and 3 runes on Apr 25, 2024!
             The game lasted 03:09:36 (59712 turns).

RBrandon the Swordfish (Merfolk Brigand)           Turns: 59712, Time: 03:09:36

Health: 240/240    AC: 14    Str: 15    XL:     27
Magic:  32/50      EV: 48    Int: 15    God:    Hepliaklqana [******]
Gold:   5775       SH:  0    Dex: 36    Spells: 27/54 levels left

rFire   + + +        a - +7 triple sword (holy)
rCold   + . .        (shield currently unavailable)
rNeg    + . .        U - +5 leather armour of Caustic the Leaf {rElec Regen+ Int+7}
rPois   +            q - +0 helmet of Ynebrit {rElec Will+ Stlth+}
rElec   +            j - scarf {repulsion}
rCorr   .            w - +0 pair of gloves of the Great Game {Rampage rF+ Str+2 Dex+4}
SInv    .            L - +2 pair of boots
Will    +++..        d - amulet "Ofynitouxaa" {Acrobat rF++ Int-3 Dex+2 Slay+6}
Stlth   ++           Q - ring "Exta" {rC+ EV+5 Dex+3}
HPRegen 1.40/turn    Z - ring of Lotutudip {rPois rN+ MP+9}
MPRegen 0.32/turn

%: repel missiles, acrobat, rampage
@: no status effects
A: reduced essence, (nimble swimmer 2), mertail, deterioration 1, robust 1,
screaming 2
0: Orb of Zot
}: 3/15 runes: barnacled, slimy, gossamer
a: Renounce Religion, Recall Ancestor, Ancestor Identity, Transference, Idealise


You escaped.
You worshipped Hepliaklqana.
Hepliaklqana was exalted by your worship.
You visited 10 branches of the dungeon, and saw 51 of its levels.
You also visited: Sewer, Gauntlet, Ice Cave, Volcano and Wizlab.

You collected 7950 gold pieces.
You spent 2175 gold pieces at shops.

Inventory:

Hand Weapons
 a - a +7 triple sword of holy wrath (weapon)
   (You found it in a Gauntlet)
 p - a +6 great sword of flaming
   (You took it off a wight on level 8 of the Dungeon)
Missiles
 e - 8 curare-tipped darts
Armour
 j - a scarf of repulsion (worn)
   (You found it on level 4 of the Spider Nest)
 q - the +0 helmet of Ynebrit (worn) {rElec Will+ Stlth+}
   (You found it on level 3 of the Dungeon)

   rElec:     It insulates you from electricity.
   Will+:     It increases your willpower.
   Stlth+:    It makes you more stealthy.
 w - the +0 pair of gloves of the Great Game (worn) {Rampage rF+ Str+2 Dex+4}
   (You found it on level 4 of the Shoals)

   Str+2:     It affects your strength (+2).
   Dex+4:     It affects your dexterity (+4).
   rF+:       It protects you from fire.
   Rampage:   It bestows one free step when moving towards enemies.
 D - a +2 helmet
 L - a +2 pair of boots (worn)
 U - the +5 leather armour of Caustic the Leaf (worn) {rElec Regen+ Int+7}
   (You found it on level 11 of the Dungeon)

   Int+7:     It affects your intelligence (+7).
   rElec:     It insulates you from electricity.
   Regen+:    It increases your rate of health regeneration.
Jewellery
 d - the amulet "Ofynitouxaa" (around neck) {Acrobat rF++ Int-3 Dex+2 Slay+6}
   (You bought it in a shop on level 2 of the Orcish Mines)

   [amulet of the acrobat]

   Acrobat:   It increases your evasion while moving and waiting.
   Int-3:     It affects your intelligence (-3).
   Dex+2:     It affects your dexterity (+2).
   Slay+6:    It affects your accuracy & damage with ranged weapons and melee
   (+6).
   rF++:      It greatly protects you from fire.
 f - a ring of protection from fire
 o - a ring of willpower
 r - the amulet of Equilibrium {rN+ Regen+ Int+2}
   (You found it on level 3 of the Realm of Zot)

   [amulet of regeneration]

   Int+2:     It affects your intelligence (+2).
   rN+:       It protects you from negative energy.
   Regen+:    It increases your rate of health regeneration.
 M - an amulet of reflection
 Q - the ring "Exta" (left hand) {rC+ EV+5 Dex+3}
   (You bought it in a shop on level 3 of the Dungeon)

   [ring of evasion]

   EV+5:      It affects your evasion (+5).
   Dex+3:     It affects your dexterity (+3).
   rC+:       It protects you from cold.
 W - a ring of protection from cold
 Z - the ring of Lotutudip (right hand) {rPois rN+ MP+9}
   (You found it in an ice cave)

   [ring of magical power]

   rPois:     It protects you from poison.
   rN+:       It protects you from negative energy.
   MP+9:      It affects your magic capacity (+9).
Wands
 u - a wand of iceblast (32)
 x - a wand of acid (43)
 A - a wand of paralysis (73)
 B - a wand of digging (4)
 C - a wand of polymorph (26)
 K - a wand of mindburst (68)
Scrolls
 c - 10 scrolls of fear
 h - 6 scrolls of fog
 k - 6 scrolls of blinking
 l - 3 scrolls of vulnerability
 n - 6 scrolls of amnesia
 s - 5 scrolls of summoning
 t - 20 scrolls of teleportation
 E - 15 scrolls of revelation
 I - 21 scrolls of identify
 T - 2 scrolls of enchant armour
 V - 4 scrolls of silence
 X - 3 scrolls of poison
Potions
 g - 23 potions of curing
 i - 6 potions of heal wounds
 m - 8 potions of ambrosia
 y - 6 potions of magic
 z - 5 potions of might
 F - 6 potions of enlightenment
 G - 2 potions of mutation
 H - 8 potions of resistance
 N - 2 potions of brilliance
 O - 3 potions of cancellation
 P - 8 potions of attraction
 R - 3 potions of haste
Miscellaneous
 b - a phantom mirror
 v - a box of beasts
 J - a lightning rod (4/4)
 S - a condenser vane
 Y - a Gell's gravitambourine (2/2)


   Skills:
 + Level 24.8 Fighting
 - Level 2.4(18.2) Short Blades
 O Level 27 Long Blades
 - Level 5.0 Throwing
 - Level 4.7 Armour
 + Level 23.8 Dodging
 - Level 4.3 Stealth
 - Level 14.1 Spellcasting
 - Level 19.2 Translocations
 - Level 17.0 Invocations
 - Level 10.0 Evocations


You had 27 spell levels left.
You knew the following spells:

 Your Spells              Type           Power      Damage    Failure   Level
a - Blink                 Tloc           100%       N/A       0%          2
b - Lesser Beckoning      Tloc           100%       N/A       0%          2
c - Maxwell's Portable P  Tloc           62%        2d(11-32) 0%          3
d - Dispersal             Tloc           31%        N/A       1%          6
e - Gell's Gavotte        Tloc           31%        2d(25-37) 1%          6
f - Apportation           Tloc           100%       N/A       0%          1
g - Manifold Assault      Tloc           31%        N/A       2%          7

Your spell library contained the following spells:

 Spells                   Type           Power      Damage    Failure   Level
 Momentum Strike          Conj/Tloc      78%        3d10      1%          2
 Summon Forest            Summ/Tloc      19%        N/A       4%          5
 Foxfire                  Conj/Fire      40%        2x1d6     8%          1
 Kiss of Death            Conj/Necr      40%        2d8       8%          1
 Magic Dart               Conj           40%        1d5       8%          1
 Necrotise                Necr           40%        1d6       8%          1
 Sting                    Conj/Alch      40%        1d5       8%          1
 Summon Small Mammal      Summ           40%        N/A       8%          1
 Call Imp                 Summ           20%        N/A       12%         2
 Cigotuvi's Dreadful Rot  Necr/Alch/Air  20%        N/A       12%         2
 Ensorcelled Hibernation  Hex/Ice        20%        N/A       12%         2
 Scorch                   Fire           20%        2d5       12%         2
 Static Discharge         Conj/Air       20%        3-4/arc   12%         2
 Disjunction              Tloc           31%        N/A       19%         8
 Confusing Touch          Hex            10%        N/A       22%         3
 Frozen Ramparts          Ice            20%        1d4       22%         3
 Fugue of the Fallen      Necr           10%        N/A       22%         3
 Hailstorm                Conj/Ice       10%        3d6       22%         3
 Inner Flame              Hex/Fire       10%        N/A       22%         3
 Ozocubu's Armour         Ice            10%        N/A       22%         3
 Passwall                 Erth           10%        N/A       22%         3
 Summon Ice Beast         Ice/Summ       10%        N/A       22%         3
 Vampiric Draining        Necr           10%        2d6       22%         3
 Animate Dead             Necr           10%        N/A       58%         4
 Brom's Barrelling Bould  Conj/Erth      10%        2d3       58%         4
 Cause Fear               Hex            5%         N/A       58%         4
 Dispel Undead            Necr           10%        3d9       58%         4
 Flame Wave               Conj/Fire      10%        2d6       58%         4
 Ignite Poison            Fire/Alch      10%        N/A       58%         4
 Leda's Liquefaction      Alch/Erth      5%         N/A       58%         4
 Martyr's Knell           Necr/Summ      10%        N/A       58%         4
 Petrify                  Alch/Erth      10%        N/A       58%         4
 Sticky Flame             Fire/Alch      10%        2d5       58%         4
 Curse of Agony           Necr           10%        N/A       91%         5
 Fireball                 Conj/Fire      5%         3d5       91%         5
 Freezing Cloud           Conj/Ice/Air   5%         6-21      91%         5
 Irradiate                Conj/Alch      5%         3d13      91%         5
 Iskenderun's Battlesphe  Conj           10%        2d6       91%         5
 Bombard                  Conj/Erth      5%         9d2       100%        6
 Conjure Ball Lightning   Conj/Air       5%         3x3d6     100%        6
 Eringya's Noxious Bog    Alch           5%         4d6       100%        6
 Permafrost Eruption      Ice/Erth       5%         2x4d2     100%        6
 Plasma Beam              Fire/Air       5%         2x1d15    100%        6
 Sculpt Simulacrum        Ice/Alch       5%         N/A       100%        6
 Starburst                Conj/Fire      5%         6d4       100%        6
 Summon Cactus Giant      Summ           5%         N/A       100%        6
 Haunt                    Necr/Summ      5%         N/A       100%        7
 Magnavolt                Erth/Air       5%         3d10      100%        7
 Orb of Destruction       Conj           5%         9d5       100%        7
 Ozocubu's Refrigeration  Ice            5%         4d8       100%        7
 Rimeblight               Ice/Necr       5%         2d3       (prima100%   7
 Seismic Cannonade        Alch/Erth      5%         6d5       100%        7
 Summon Hydra             Summ           5%         N/A       100%        7
 Fulsome Fusillade        Conj/Alch      5%         (3-5)d5   100%        8
 Maxwell's Capacitive Co  Air            5%         ∞         100%        8
 Chain Lightning          Conj/Air       5%         3d6       100%        9
 Dragon's Call            Summ           5%         N/A       100%        9
 Fire Storm               Conj/Fire      5%         8d1       100%        9
 Polar Vortex             Ice            5%         N/A       100%        9
 Shatter                  Erth           5%         3d8*      100%        9


Dungeon Overview and Level Annotations

Branches:
Dungeon (15/15)            Temple (0/1) D:6            Lair (5/5) D:9
 Shoals (4/4) Lair:2       Spider (4/4) Lair:2        Slime (5/5) Lair:5
    Orc (2/2) D:12            Elf (3/3) Orc:2        Vaults (4/5) D:13
  Crypt (0/3) Vaults:3     Depths (4/4) D:15            Zot (5/5) Depths:4
  Sewer (visited)           IceCv (visited)         Volcano (visited)
 WizLab (visited)         Gauntlet (visited)

Altars:
Dithmenos
Hepliaklqana
Kikubaaqudgha
Makhleb
Okawaru
Qazlal
Ru
Sif Muna
Uskayaw
Vehumet
Zin
The Shining One
Jiyva

Shops:
D:3 ==[   D:6 (   D:13 *   Orc:2 !=:?(   Shoals:1 =

Portals:
Hell: Depths:1 Depths:2 Depths:3 Depths:4
Abyss: Depths:1 Depths:2 Depths:3
Pandemonium: Depths:1 Depths:2 Depths:4
Ziggurat: Depths:3
Trove: Depths:4 (give +8 demon whip)

Annotations:
D:12 3 runed translucent doors, bchevrier's ghost, journeyman GnWn
Elf:2 3 runed translucent doors
Depths:1 2 transporters, Cein's ghost, veteran DgCj
Zot:3 1 transporter
Zot:5 36 runed translucent doors


Innate Abilities, Weirdness & Mutations

Your life essence is reduced to manifest your ancestor. (-10% HP)
((You are very nimble when in or above water. (Stealth+, EV+, Speed+++)))
Your lower body shifts to a powerful aquatic tail in water.
Your body sometimes deteriorates upon taking damage.
You are robust. (+10% HP)
You frequently scream uncontrollably at your foes.


Message History

There is a stone staircase leading up here.
You climb upwards.
There is a stone staircase leading down here.
You see here a +0 club.
A large abomination comes into view.
There is a stone staircase leading up here.
You rampage towards the large abomination!
You chop the large abomination into pieces!!!
You destroy the large abomination!
A golden eye comes into view.
You scream at the golden eye!
There is a stone staircase leading up here.
The golden eye turns its gaze towards you.
You climb upwards.
There is a stone staircase leading down here.
There is a stone staircase leading up here.
You climb upwards.
There is a stone staircase leading down here.
There is a stone staircase leading up here.
You climb upwards.
There is a stone staircase leading down here.
There is a stone staircase leading up here.
You climb upwards.
There is a stone staircase leading down, spattered with blood here.
Things that are here:
a +0 club; a goblin skeleton You see here a frilled lizard skeleton.
A Hell Sentinel comes into view.
Space momentarily warps into an impossible shape!
You slice the Hell Sentinel!!
The Hell Sentinel convulses!!
Piniqag gestures wildly while chanting.
Piniqag seems to speed up.
Space momentarily warps into an impossible shape!
You slice the Hell Sentinel!!
The Hell Sentinel convulses!!
Space momentarily warps into an impossible shape!
You slice the Hell Sentinel like a ripe choko!!!
You kill the Hell Sentinel!
There is a staircase leading out of the dungeon here.
There is a staircase leading out of the dungeon here.
You have escaped!

###.##..### ##..########..# #.
#.##....# #...# #..###.
################.##############..
...♣♣.......................♣ ###
###♣♣..ß..ß...........ß..ß..♣
♣..................÷÷...♣
♣♣..................÷....♣♣ #
♣...ß..ß...........ß..ß...♣
##♣♣............@............♣
..♣♣...ß..ß.....R.....ß..ß...♣
..♣♣♣..........(.......÷....♣♣
...♣♣....÷.............÷....♣
..#♣♣..ß..ß...........ß..ß..♣ .##
♣.........[.............♣ ##
############.############ #
#............###..# #.# ###
########..........####.###..


You could see the friendly Piniqag the hexer (fast).

Vanquished Creatures
  the Royal Jelly (Slime:5)
  4 dread liches (Zot:5)
  3 orbs of fire (Zot:5)
  6 ancient liches (Zot:5)
  Mara (Spider:3)
  A juggernaut (Depths:3)
  Josephina (Depths:2)
  3 Killer Klowns
  3 caustic shrikes (Depths:4)
  2 curse toes
  9 golden dragons
  An electric golem (Zot:2)
  A Brimstone Fiend (D:10)
  3 pandemonium lords
  Zenata (Vaults:2)
  20 Orb Guardians (Zot:5)
  A Hell Sentinel (D:1)
  17 tentacled monstrosities
  A Cloud Mage (WizLab)
  A deep elf blademaster (Elf:3)
  2 liches
  5 quicksilver dragons
  A titan (Depths:3)
  A deep elf master archer (Elf:3)
  2 Executioners (Zot:2)
  16 acid blobs
  Gastronok (D:9)
  4 death cobs
  A sphinx (Vaults:3)
  Frances (Shoals:2)
  17 shadow dragons
  13 storm dragons
  4 tengu reavers (Depths:3)
  2 draconian knights
  8 draconian monks
  6 emperor scorpions
  9 rockslimes
  The ghost of chippings the Fighter, a journeyman DrWn of Jiyva (Shoals:3)
  10 azure jellies
  8 deep elf sorcerers
  14 protean progenitors
  4 draconian scorchers
  3 frost giants
  6 fire giants
  2 juggernaut zombies (Depths:2)
  9 vault wardens
  A draconian shifter (Zot:4)
  A spectral juggernaut (Depths:2)
  10 ironbound preservers
  3 iron dragons (Depths:3)
  16 ghost moths
  An orc warlord (Vaults:2)
  2 broodmothers (Spider:3)
  6 deep elf elementalists (Elf:3)
  A caustic shrike zombie (Depths:2)
  9 very ugly things
  15 stone giants
  2 reapers
  2 spriggan defenders (Depths:3)
  A draconian annihilator (Zot:1)
  A juggernaut skeleton (Depths:2)
  A cacodemon (Depths:1)
  4 quicksilver oozes (Slime:5)
  3 formless jellyfish
  6 ironbound thunderhulks
  2 vampire knights
  8 deep elf demonologists
  6 green draconians
  5 deep elf annihilators
  3 red draconians
  3 war gargoyles (Vaults:2)
  9 black draconians
  Nessos (Lair:3)
  17 spark wasps
  6 yellow draconians
  5 purple draconians
  10 deep elf death magi
  18 dire elephants
  8 white draconians
  A minotaur (Gauntlet)
  62 slime creatures
  5 blizzard demons (WizLab)
  6 ettins
  A crystal guardian (Vaults:2)
  5 jiangshi
  3 merfolk javelineers (Shoals:4)
  3 entropy weavers
  5 fire dragons
  10 merfolk impalers
  8 ice dragons
  2 deep elf high priests (Elf:3)
  16 great orbs of eyes
  A rakshasa (D:15)
  2 caustic shrike simulacra (Depths:2)
  9 yaktaur captains
  2 peacekeepers (Vaults:2)
  4 ogre magi (Orc:2)
  A quicksilver dragon skeleton (Depths:2)
  7 vault guards
  4 hydras (Lair:5)
  3 jorogumos (Spider:3)
  4 spriggan air magi
  2 ghost crabs
  2 hell beasts
  2 catoblepae
  3 ironbound frosthearts
  A sphinx zombie (Depths:2)
  2 merfolk aquamancers
  2 merfolk avatars (Shoals:4)
  4 centaur warriors
  13 two-headed ogres
  5 boulder beetles
  5 death yaks (Lair:5)
  2 alligator snapping turtles
  A death knight (D:15)
  7 radroaches
  2 death scarabs (Spider:3)
  13 dancing weapons
  4 satyrs
  9 deep troll shamans
  11 deep troll earth magi
  Urug (D:10)
  8 demonic crawlers
  5 vampire magi
  5 occultists
  A titan zombie (Depths:2)
  A shock serpent (WizLab)
  An orc high priest (Elf:1)
  A soul eater (Zot:5)
  8 deep elf knights
  5 tengu warriors
  9 hell knights (Depths:3)
  A storm dragon zombie (Depths:2)
  5 spriggan berserkers
  3 sun demons
  Nergalle (D:12)
  2 sixfirhies
  5 skysharks
  8 iron trolls
  2 death drakes (WizLab)
  4 goliath frogs (Zot:4)
  6 glowing orange brains
  6 large abominations
  2 pharaoh ants
  A shadow demon (D:6)
  31 deep trolls
  A sun moth (Spider:2)
  5 golden dragon zombies (Depths:2)
  9 deep elf archers
  5 orb spiders
  4 flayed ghosts
  4 sea snakes
  5 arcanists
  10 thermic dynamos
  A shadow dragon zombie (Depths:2)
  A spriggan simulacrum (Depths:2)
  12 ironbound convokers
  6 necromancers
  7 steelbarb worms
  16 deep elf zephyrmancers
  A phantasmal warrior (Vaults:4)
  9 lindwurms
  An obsidian bat (Orc:1)
  5 orc knights
  25 deep elf pyromancers
  18 wolf spiders
  19 harpies
  19 fauns
  A tengu skeleton (Depths:2)
  An ugly thing (shapeshifter) (D:15)
  7 cyclopes
  22 moths of wrath
  8 shining eyes
  An oklob plant (Gauntlet)
  A shadow dragon skeleton (Depths:2)
  6 orc sorcerers
  A faun (shapeshifter) (Depths:3)
  24 manticores
  33 ugly things
  A frost giant zombie (Depths:2)
  2 kobold blastminers (Orc:1)
  6 meliai (Spider:2)
  9 vault sentinels
  4 elephants
  5 black mambas
  A water nymph (shapeshifter) (Depths:3)
  8 merfolk sirens
  3 apocalypse crabs (WizLab)
  2 molten gargoyles (Volcano)
  5 torpor snails
  2 eyes of devastation (Zot:1)
  3 gargoyles
  2 ice statues (IceCv)
  2 orange demons (Depths:1)
  2 smoke demons
  3 unseen horrors
  12 water nymphs
  6 cane toads
  A hellion (Zot:2)
  24 yaktaurs
  11 rime drakes
  2 kobold demonologists
  4 komodo dragons
  A spark wasp simulacrum (Depths:2)
  6 tengu conjurers
  3 tormentors (Depths:2)
  2 freezing wraiths
  An efreet (D:13)
  A spectral glowing shapeshifter (Depths:2)
  An ice devil (Depths:4)
  7 trolls
  2 tengu simulacra (Depths:2)
  3 polar bears
  28 tarantellas
  21 merfolk
  4 raiju (Zot:1)
  15 wind drakes
  27 jumping spiders
  11 glass eyes
  11 dream sheep
  5 blink frogs
  2 fire giant simulacra (Depths:2)
  6 snapping turtles
  3 shadows
  13 air elementals
  22 culicivoras
  2 wraiths (Vaults:3)
  6 wyverns
  17 water elementals
  A vampire (D:13)
  4 basilisks
  64 yaks
  5 fire elementals
  3 golden eyes
  51 redbacks
  2 steam dragons
  4 vampire mosquitoes (D:12)
  2 death yak simulacra (Orc:1)
  3 wargs
  6 chaos spawn
  2 acid dragons
  A glowing shapeshifter zombie (Depths:2)
  10 water moccasins
  A glowing shapeshifter skeleton (Depths:2)
  An acid dragon (shapeshifter) (D:14)
  4 hell hounds (Volcano)
  10 orc warriors
  3 black bears
  An ettin simulacrum (Vaults:2)
  A laughing skull (D:13)
  4 boggarts (Vaults:3)
  2 sky beasts (D:7)
  4 small abominations (Depths:1)
  20 wolves
  28 ogres
  8 centaurs
  3 kobold brigands
  3 lemures (D:9)
  4 phantoms
  2 brain worms (Sewer)
  2 wyvern zombies (D:7)
  11 bullfrogs
  A human simulacrum (Depths:2)
  A two-headed ogre simulacrum (Orc:1)
  7 scorpions
  2 earth elementals
  A water moccasin skeleton (D:7)
  7 wights
  8 killer bees (D:8)
  2 lindwurm simulacra (IceCv)
  4 howler monkeys
  A vampire bat (D:5)
  2 electric eels
  3 lava snakes (Volcano)
  A bombardier beetle (D:5)
  A centaur zombie (D:7)
  5 hounds
  7 komodo dragon simulacra (IceCv)
  3 orc priests
  A jelly (D:7)
  2 bullfrog zombies (D:7)
  A human zombie (D:7)
  A centaur skeleton (D:7)
  Terence (D:2)
  A gnoll bouda (D:7)
  6 hell rats (Lair:1)
  4 hexers
  5 iguanas
  13 orc wizards
  2 killer bee zombies (D:7)
  A wolf simulacrum (Orc:1)
  2 polar bear simulacra (Orc:1)
  7 gnolls
  4 acid dragon simulacra (IceCv)
  11 adders
  A naga simulacrum (Orc:1)
  4 river rats (Sewer)
  A shadow imp (D:7)
  2 ufetubi (D:7)
  7 steam dragon simulacra (IceCv)
  A ribbon worm (D:3)
  4 dart slugs
  3 fire bats
  36 orcs
  2 spectral bats (D:5)
  A bat skeleton (D:5)
  2 endoplasms (D:4)
  3 giant cockroaches (D:1)
  6 hobgoblins
  2 jackals (Sewer)
  2 quokkas
  5 ball pythons
  12 bats
  A bat simulacrum (D:5)
  5 frilled lizards
  13 goblins
  10 kobolds
  6 rats
  3 aspiring fleshes
1940 creatures vanquished.

Vanquished Creatures (collateral kills)
  An orb of fire (Zot:5)
  A juggernaut (Depths:3)
  A golden dragon (Zot:5)
  3 electric golems
  3 tentacled monstrosities
  5 Orb Guardians (Zot:5)
  A lich (Depths:3)
  A deep elf blademaster (Elf:3)
  7 acid blobs
  A shadow dragon (Zot:1)
  Aizul (Shoals:4)
  A storm dragon (Shoals:4)
  Donald (Shoals:1)
  2 rockslimes
  An azure jelly (Slime:1)
  A fire giant (Depths:2)
  2 frost giants
  A draconian knight (Zot:4)
  3 ghost moths
  A draconian monk (Zot:5)
  A deep elf sorcerer (Elf:3)
  An emperor scorpion (Spider:4)
  A vault warden (Vaults:4)
  A deep elf elementalist (Elf:2)
  2 quicksilver oozes
  A very ugly thing (Depths:3)
  A formless jellyfish (Slime:5)
  A spark wasp (Depths:3)
  A dire elephant (Vaults:1)
  A lorocyproca (Depths:1)
  A yellow draconian (Depths:4)
  2 deep elf annihilators (Elf:3)
  3 purple draconians
  4 fire dragons
  An ettin (Depths:2)
  2 merfolk javelineers (Shoals:4)
  A deep elf high priest (Elf:3)
  An entropy weaver (Spider:2)
  2 ice dragons
  2 centaur warriors (Vaults:1)
  A spectral frost giant (Depths:2)
  A merfolk aquamancer (Shoals:4)
  3 dancing weapons
  A merfolk avatar (Shoals:3)
  A two-headed ogre (Orc:2)
  A death scarab (Spider:4)
  2 deep troll shamans (Depths:4)
  2 tengu warriors
  A deep troll earth mage (Depths:2)
  Sonja (Lair:4)
  2 hell knights (Depths:3)
  A skyshark (Lair:5)
  3 sea snakes (Shoals:4)
  5 deep trolls
  A pharaoh ant (Spider:2)
  A glowing orange brain (Zot:5)
  A golden dragon skeleton (Depths:2)
  3 death drakes (WizLab)
  An orb spider (Spider:3)
  2 steelbarb worms
  An ironbound convoker (Vaults:2)
  Pikel (D:9)
  2 harpies
  5 wolf spiders
  5 deep elf zephyrmancers
  3 fauns
  A deep elf pyromancer (D:14)
  A cyclops (D:13)
  4 ugly things
  A shining eye (Slime:5)
  An elephant (Lair:5)
  A vault sentinel (Vaults:4)
  A manticore (Shoals:4)
  7 moths of wrath
  A black mamba (Lair:5)
  A water nymph (Shoals:2)
  A merfolk siren (Shoals:3)
  An apocalypse crab (WizLab)
  A large abomination (Depths:1)
  3 cane toads
  A torpor snail (Lair:5)
  An unseen horror (Depths:1)
  3 komodo dragons
  3 yaktaurs
  A tengu conjurer (D:15)
  2 merfolk (Shoals:4)
  A polar bear (Lair:2)
  2 tarantellas
  8 dream sheep
  A wind drake (WizLab)
  6 jumping spiders
  A tengu simulacrum (Depths:2)
  A stone giant simulacrum (Depths:2)
  11 slime creatures
  3 culicivoras
  An air elemental (WizLab)
  2 water elementals
  A wraith (D:12)
  A fire elemental (Elf:2)
  19 yaks
  2 wyverns
  10 redbacks
  5 water moccasins
  A laughing skull (D:13)
  A sky beast (D:6)
  2 ogres
  8 wolves
  A lemure (D:9)
  3 bullfrogs
  A wyvern zombie (D:7)
  2 scorpions
  3 wights (D:8)
  3 killer bees (D:8)
  An electric eel (Lair:5)
  A howler monkey (D:6)
  2 lava snakes (Volcano)
  2 hounds
  2 jellies (D:5)
  2 bombardier beetles
  An orc priest (D:6)
  2 sleepcaps
  An iguana (D:6)
  4 orc wizards
  A hell rat (Lair:1)
  An adder (D:5)
  A gnoll (D:5)
  A naga simulacrum (Orc:1)
  A white imp (D:5)
  A steam dragon simulacrum (IceCv)
  2 fire bats (D:5)
  14 orcs
  2 bat skeletons (D:5)
  An endoplasm (D:4)
  2 kobolds (D:10)
  A bat (D:5)
  2 aspiring fleshes
  A butterfly (Lair:1)
304 creatures vanquished.

Vanquished Creatures (others)
  Asterion (Elf:1)
  A torpor snail (Spider:4)
  A merfolk (Shoals:4)
  A killer bee (D:10)
  48 hexers
  2 ancestors (D:5)
  A bat zombie (D:5)
  4 tentacles (Shoals:2)
59 creatures vanquished.

Grand Total: 2303 creatures vanquished

Notes
Turn   | Place    | Note
-------+----------+-------------------------------------------
     0 | D:1      | RBrandon the Merfolk Brigand began the quest for the Orb.
     0 | D:1      | Reached XP level 1. HP: 16/16 MP: 1/1
    47 | D:1      | Found a faded altar of an unknown god.
    71 | D:1      | Reached XP level 2. HP: 15/22 MP: 2/2
   427 | D:1      | Reached XP level 3. HP: 18/27 MP: 3/3
  1000 | D:2      | Identified the +0 robe "Damae" {^Drain rCorr MP+9 Archmagi}
  1125 | D:2      | Reached XP level 4. HP: 33/33 MP: 4/4
  1278 | D:2      | Noticed Terence
  1288 | D:2      | Killed Terence
  1748 | D:3      | Found a hide-covered altar of Uskayaw.
  1780 | D:3      | Identified the +0 helmet of Ynebrit {rElec Will+ Stlth+}
  1842 | D:3      | Found a hazy altar of Hepliaklqana.
  1843 | D:3      | Found a shadowy altar of Dithmenos.
  1843 | D:3      | Noticed a shadow
  1854 | D:3      | Became a worshipper of Hepliaklqana the Forgotten
  1869 | D:3      | Found Rewarole's Jewellery Emporium.
  1913 | D:3      | Found Zutoppeppo's Jewellery Shoppe.
  1946 | D:3      | Found a glowing drain.
  1952 | D:3      | Reached skill level 5 in Throwing
  1952 | D:3      | Reached XP level 5. HP: 38/38 MP: 5/5
  1956 | Sewer    | Entered a sewer
  2082 | Sewer    | Noticed a kobold brigand
  2142 | Sewer    | Killed a kobold brigand
  2143 | Sewer    | Reached XP level 6. HP: 10/44 MP: 6/6
  2259 | Sewer    | Reached skill level 5 in Dodging
  2645 | Sewer    | Reached XP level 7. HP: 50/50 MP: 7/7
  2990 | D:3      | Found Tyka Lawahi's Antique Armour Shop.
  2995 | D:3      | Bought a pair of embroidered gloves for 120 gold pieces
  3164 | D:4      | Reached * piety under Hepliaklqana
  3612 | D:4      | Found a glowing golden altar of the Shining One.
  3824 | D:4      | Found a shimmering blue altar of Sif Muna.
  3871 | D:5      | Entered Level 5 of the Dungeon
  4177 | D:5      | Reached skill level 2 in Long Blades
  4198 | D:5      | Found a glowing silver altar of Zin.
  4284 | D:5      | Reached skill level 3 in Long Blades
  4284 | D:5      | Reached XP level 8. HP: 54/54 MP: 8/8
  4312 | D:5      | Reached skill level 4 in Long Blades
  4466 | D:5      | Reached skill level 5 in Long Blades
  4517 | D:5      | Reached skill level 5 in Fighting
  4517 | D:5      | Reached skill level 6 in Long Blades
  4689 | D:5      | Reached XP level 9. HP: 57/62 MP: 9/9
  4699 | D:5      | Reached skill level 7 in Long Blades
  4963 | D:5      | Found an iron altar of Okawaru.
  5142 | D:6      | Reached ** piety under Hepliaklqana
  5183 | D:6      | Found a staircase to the Ecumenical Temple.
  5189 | D:6      | Remembered your ancestor Piniqag as a hexer
  5458 | D:6      | Reached skill level 8 in Long Blades
  5638 | D:6      | Found Mejume Puol's Weapon Shoppe.
  6517 | D:7      | Reached skill level 10 in Dodging
  6674 | D:7      | Reached *** piety under Hepliaklqana
  6679 | D:7      | Reached skill level 1 in Invocations
  6839 | D:7      | Reached XP level 10. HP: 41/72 MP: 11/11
  7030 | D:7      | Reached skill level 9 in Long Blades
  7106 | D:7      | Found an ancient bone altar of Kikubaaqudgha.
  7310 | D:8      | Found a stormy altar of Qazlal.
  8252 | D:9      | Reached skill level 10 in Long Blades
  8297 | D:9      | Found a staircase to the Lair.
  8299 | D:9      | Noticed an elephant
  8457 | D:9      | Killed an elephant
  8458 | D:9      | Reached skill level 11 in Long Blades
  8551 | D:9      | Reached XP level 11. HP: 58/78 MP: 14/14
  8557 | D:9      | Reached skill level 12 in Long Blades
  8662 | D:9      | Noticed Gastronok
  8676 | D:9      | Killed Gastronok
  8677 | D:9      | Reached skill level 13 in Long Blades
  8768 | D:9      | Identified the +7 whip of Fymeggey {pain, rF+ rN+ Stlth+}
  8896 | D:9      | Noticed Pikel
  8918 | D:9      | Killed Pikel
  9107 | D:9      | Reached **** piety under Hepliaklqana
  9338 | Lair:1   | Entered Level 1 of the Lair of Beasts
  9349 | Lair:1   | Reached skill level 14 in Long Blades
  9581 | Lair:1   | Reached skill level 15 in Long Blades
 10634 | Lair:2   | Reached ***** piety under Hepliaklqana
 10659 | Lair:2   | Reached XP level 12. HP: 45/85 MP: 15/15
 10941 | Lair:2   | Reached skill level 16 in Long Blades
 11458 | Lair:2   | Found a hole to the Spider Nest.
 11490 | Lair:2   | Reached skill level 5 in Invocations
 11781 | D:3      | Bought the ring "Exta" {rC+ EV+5 Dex+3} for 731 gold pieces
 12081 | Lair:2   | Found a staircase to the Shoals.
 12156 | Lair:2   | Reached skill level 10 in Fighting
 12815 | Lair:2   | Reached skill level 17 in Long Blades
 13232 | Lair:3   | Noticed Nessos
 13242 | Lair:3   | Killed Nessos
 13243 | Lair:3   | Reached XP level 13. HP: 93/93 MP: 17/17
 14346 | Lair:4   | Identified the +1 ring mail "Kolamp" {Harm *Slow rC- rN+++}
 14638 | Lair:4   | Reached skill level 18 in Long Blades
 14784 | Lair:4   | Noticed Sonja
 14817 | Lair:4   | Killed Sonja
 15240 | Lair:5   | Entered Level 5 of the Lair of Beasts
 15896 | Lair:5   | Reached XP level 14. HP: 82/101 MP: 20/20
 15972 | Lair:5   | Reached skill level 19 in Long Blades
 16267 | Lair:5   | Found a staircase to the Slime Pits.
 16268 | Lair:5   | Found a viscous altar of Jiyva.
 17176 | D:10     | Entered Level 10 of the Dungeon
 17217 | D:10     | Noticed Urug
 17228 | D:10     | Killed Urug
 17229 | D:10     | Reached skill level 15 in Dodging
 18117 | D:11     | Reached ****** piety under Hepliaklqana
 18334 | D:11     | Found a gate leading to a gauntlet.
 18337 | D:11     | Identified the +5 leather armour of Caustic the Leaf {rElec
                  | Regen+ Int+7}
 18360 | D:11     | Learned a level 2 spell: Blink
 18363 | D:11     | Learned a level 2 spell: Lesser Beckoning
 18367 | D:11     | Learned a level 3 spell: Maxwell's Portable Piledriver
 18370 | Gauntlet | Entered a Gauntlet
 18370 | Gauntlet | Found a transporter.
 18370 | Gauntlet | Found a transporter.
 18370 | Gauntlet | Found a transporter.
 18380 | Gauntlet | Found a transporter.
 18383 | Gauntlet | Found a transporter.
 18391 | Gauntlet | Found a transporter.
 18394 | Gauntlet | Found a transporter.
 18402 | Gauntlet | Found a transporter.
 18420 | Gauntlet | Found a transporter.
 18438 | Gauntlet | Found a transporter.
 18441 | Gauntlet | Found a transporter.
 18451 | Gauntlet | Found a transporter.
 18580 | Gauntlet | Reached skill level 1 in Translocations
 18655 | Gauntlet | Identified the ring "Becufosh" {rPois Str+2}
 18728 | Gauntlet | Identified the +0 plate armour "Wumolood" {rElec rPois MP-9
                  | Slay+3}
 19226 | D:12     | Found a runed translucent gate.
 19226 | D:12     | Found a runed translucent gate.
 19357 | D:12     | Found a runed translucent gate.
 19357 | D:12     | Noticed bchevrier's ghost (journeyman GnWn)
 19399 | D:12     | Noticed Nergalle
 19405 | D:12     | Killed Nergalle
 19428 | D:12     | Noticed a frost giant
 19438 | D:12     | Reached XP level 15. HP: 109/109 MP: 22/22
 19443 | D:12     | Killed a frost giant
 19449 | D:12     | Reached skill level 5 in Translocations
 19716 | D:12     | Found a staircase to the Orcish Mines.
 19866 | D:12     | Identified the +0 robe of Janophet {Int+3}
 19868 | D:12     | Found an iron altar of Okawaru.
 19894 | Orc:1    | Entered Level 1 of the Orcish Mines
 19923 | Orc:1    | Found a frozen archway.
 19964 | IceCv    | Entered an ice cave
 20126 | IceCv    | Identified the ring of Lotutudip {rPois rN+ MP+9}
 20728 | Orc:2    | Entered Level 2 of the Orcish Mines
 20817 | Orc:2    | Found Zuudo's Weapon Emporium.
 20938 | Orc:2    | Reached skill level 1 in Evocations
 20948 | Orc:2    | Paralysed by something for 2 turns
 21227 | Orc:2    | Reached skill level 5 in Evocations
 21282 | Orc:2    | Found a staircase to the Elven Halls.
 21310 | Orc:2    | Found a dark tunnel.
 21470 | Orc:2    | Found Zoxtiyni's Book Emporium.
 21470 | Orc:2    | Found Irewol Deri's Distillery.
 21471 | Orc:2    | Found Tanidimp's Magic Scroll Shop.
 21471 | Orc:2    | Found Jovus's Jewellery Emporium.
 21484 | Orc:2    | Bought a scroll of enchant weapon for 82 gold pieces
 21493 | Orc:2    | Bought the amulet "Ofynitouxaa" {Acrobat rF++ Int-3 Dex+2
                  | Slay+6} for 1086 gold pieces
 21500 | Orc:2    | Bought a potion of curing for 36 gold pieces
 21500 | Orc:2    | Bought a potion of resistance for 120 gold pieces
 21519 | Volcano  | Entered a volcano
 21900 | Volcano  | Found a burning altar of Makhleb.
 21962 | Volcano  | Identified the +0 leather armour "Alilarul" {Rampage Str-3
                  | SInv}
 22239 | D:13     | Found Qocej's Assorted Antiques.
 22516 | D:13     | Identified the +10 quarterstaff "Afucs" {freeze, rPois}
 22532 | D:13     | Reached XP level 16. HP: 110/116 MP: 23/23
 22620 | D:13     | Found a gate to the Vaults.
 23148 | D:14     | Reached skill level 10 in Evocations
 23271 | D:14     | Found a sacrificial altar of Ru.
 23654 | D:15     | Entered Level 15 of the Dungeon
 24033 | D:15     | Found a staircase to the Depths.
 24386 | Shoals:1 | Entered Level 1 of the Shoals
 24571 | Shoals:1 | Found Gycra's Jewellery Boutique.
 24729 | Shoals:1 | Gained mutation: You are partially covered in large bone
                  | plates. (SH +4) [potion of mutation]
 24729 | Shoals:1 | Lost mutation: You are partially covered in large bone
                  | plates. (SH +4) [potion of mutation]
 24729 | Shoals:1 | Gained mutation: Your system is resistant to poisons.
                  | (rPois) [potion of mutation]
 24859 | Shoals:1 | Noticed Donald
 24871 | Shoals:1 | Killed Donald
 25249 | Shoals:2 | Noticed Frances
 25260 | Shoals:2 | Killed Frances
 25316 | Shoals:2 | Reached XP level 17. HP: 99/126 MP: 24/24
 25392 | Shoals:2 | Noticed a kraken
 25397 | Shoals:2 | Upgraded the game from 0.32-a0-996-gb3226c233f to
                  | 0.32-a0-999-gfa1cc04b1d
 25547 | Shoals:3 | Reached skill level 1 in Armour
 25838 | Shoals:3 | Found a runed translucent door.
 25930 | Shoals:3 | Reached skill level 15 in Fighting
 26039 | Shoals:3 | Reached skill level 20 in Long Blades
 26127 | Shoals:3 | Found a runed translucent door.
 26144 | Shoals:3 | Noticed chippings's ghost (journeyman DrWn)
 26158 | Shoals:3 | Killed chippings's ghost
 26573 | Shoals:4 | Entered Level 4 of the Shoals
 26800 | Shoals:4 | Found a radiant altar of Vehumet.
 26887 | Shoals:4 | Identified the +0 robe of the Arcane {Str+2}
 27076 | Shoals:4 | Paralysed by an air elemental for 1 turns
 27226 | Shoals:4 | Got a barnacled rune of Zot
 27233 | Shoals:4 | Identified the +0 pair of gloves of the Great Game {Rampage
                  | rF+ Str+2 Dex+4}
 27261 | Shoals:4 | Reached XP level 18. HP: 134/134 MP: 25/25
 27270 | Shoals:4 | Identified the staff of Distraction {^Contam ^Fragile Dex+9
                  | Conj}
 27347 | Shoals:4 | Identified the serpent talisman of the Saviour {*Slow rN+
                  | Slay+3 SInv}
 27347 | Shoals:4 | Noticed Aizul
 27361 | Shoals:4 | Killed Aizul
 27601 | Shoals:4 | Paralysed by an air elemental for 1 turns
 27783 | Spider:1 | Entered Level 1 of the Spider Nest
 28015 | Spider:1 | Reached skill level 10 in Translocations
 28638 | Spider:1 | Learned a level 6 spell: Dispersal
 28743 | Spider:2 | Reached skill level 1 in Spellcasting
 28871 | Spider:2 | Learned a level 6 spell: Gell's Gavotte
 28954 | Spider:2 | Learned a level 1 spell: Apportation
 29017 | Spider:2 | Reached skill level 5 in Spellcasting
 29303 | Spider:2 | Learned a level 7 spell: Manifold Assault
 29752 | Spider:3 | Reached XP level 19. HP: 102/139 MP: 26/28
 30140 | Spider:3 | Noticed Mara
 30158 | Spider:3 | Noticed RBrandon's illusion
 30159 | Spider:3 | Killed Mara
 30852 | Spider:4 | Entered Level 4 of the Spider Nest
 31893 | Spider:4 | Got a gossamer rune of Zot
 32214 | Vaults:1 | Entered Level 1 of the Vaults
 32497 | Vaults:1 | Reached skill level 15 in Translocations
 32719 | Vaults:1 | Reached XP level 20. HP: 146/146 MP: 29/29
 33001 | Vaults:1 | Identified the +1 ring mail of the Orcish Mines {rElec
                  | Int+4}
 33388 | Vaults:2 | Identified the +0 leather armour of the Sacrificial Victim
                  | {rF+}
 33515 | Vaults:2 | Found a magical portal.
 33527 | WizLab   | Entered The Chambers of the Cloud Mage
 33698 | WizLab   | Paralysed by an air elemental for 1 turns
 33824 | WizLab   | Noticed Fiemm
 33826 | WizLab   | Killed Fiemm the Cloud Mage
 33865 | WizLab   | Identified the +10 chain mail of Whack-A-Mole {rC+ Will+
                  | Str-5 Slay+6}
 33879 | WizLab   | Identified the ring of Tot Wai {Fly rPois rN+ Will- Str+3}
 33882 | WizLab   | Got the Anthology of Gases
 34001 | Vaults:2 | Noticed Zenata
 34012 | Vaults:2 | HP: 6/146 [+5 vampiric glaive[Zenata] (32)]
 34013 | Vaults:2 | Killed Zenata
 35330 | Vaults:2 | Paralysed by a formless jellyfish for 1 turns
 36170 | Vaults:3 | Reached XP level 21. HP: 128/152 MP: 3/30
 36986 | Vaults:3 | Reached skill level 21 in Long Blades
 36986 | Vaults:3 | Found a staircase to the Crypt.
 38396 | Vaults:4 | Paralysed by a formless jellyfish for 1 turns
 38908 | Slime:1  | Entered Level 1 of the Pits of Slime
 39473 | Slime:1  | Gained mutation: You have hidden genetic defects. [a
                  | shining eye]
 39481 | Slime:1  | Lost mutation: Your system is resistant to poisons. (rPois)
                  | [potion of mutation]
 39481 | Slime:1  | Lost mutation: You have hidden genetic defects. [potion of
                  | mutation]
 39481 | Slime:1  | Gained mutation: Your spells are a little easier to cast,
                  | but a little less powerful. [potion of mutation]
 39481 | Slime:1  | Gained mutation: You expend magic power (3 MP) to
                  | strengthen your wands. [potion of mutation]
 39482 | Slime:1  | Lost mutation: You expend magic power (3 MP) to strengthen
                  | your wands. [potion of mutation]
 39482 | Slime:1  | Lost mutation: Your spells are a little easier to cast, but
                  | a little less powerful. [potion of mutation]
 39482 | Slime:1  | Gained mutation: Your mind is acute. (Int +4, Str/Dex -1)
                  | [potion of mutation]
 39482 | Slime:1  | Gained mutation: You are occasionally teleported next to
                  | monsters. [potion of mutation]
 39483 | Slime:1  | Lost mutation: You are occasionally teleported next to
                  | monsters. [potion of mutation]
 39483 | Slime:1  | Lost mutation: Your mind is acute. (Int +4, Str/Dex -1)
                  | [potion of mutation]
 39483 | Slime:1  | Gained mutation: You have a somewhat thin skeletal
                  | structure. (Dex +2, Stealth+) [potion of mutation]
 39776 | Slime:3  | Reached skill level 22 in Long Blades
 39944 | Slime:3  | Gained mutation: Your magical capacity is low. (-10% MP) [a
                  | shining eye]
 39957 | Slime:3  | Lost mutation: You have a somewhat thin skeletal structure.
                  | (Dex +2, Stealth+) [potion of mutation]
 39957 | Slime:3  | Lost mutation: Your magical capacity is low. (-10% MP)
                  | [potion of mutation]
 39957 | Slime:3  | Gained mutation: Your body sometimes deteriorates upon
                  | taking damage. [potion of mutation]
 39957 | Slime:3  | Gained mutation: You are partially covered in large bone
                  | plates. (SH +4) [potion of mutation]
 39957 | Slime:3  | Gained mutation: You are robust. (+10% HP) [potion of
                  | mutation]
 40293 | Slime:5  | Entered Level 5 of the Pits of Slime
 40403 | Slime:5  | Noticed the Royal Jelly
 40608 | Slime:5  | Found a viscous altar of Jiyva.
 40652 | Slime:5  | Reached XP level 22. HP: 181/181 MP: 31/31
 41795 | Slime:5  | Killed the Royal Jelly
 41796 | Slime:5  | Reached skill level 23 in Long Blades
 41979 | Slime:5  | Identified the +10 spear of Slow Death {speed, Will+}
 42003 | Slime:5  | Identified the +2 leather armour "Ajaitrez" {Int+2}
 42004 | Slime:5  | Identified the staff of the Philosopher {rPois Dex-2 Conj
                  | Fire}
 42007 | Slime:5  | Identified the staff of No Interval {rN+ Str+6 Necro}
 42027 | Slime:5  | Identified the +1 rapier of Cowardice {flame, rPois Int+5}
 42047 | Slime:5  | Identified the +9 orcbow of the Green God {antimagic, rF+}
 42058 | Slime:5  | Identified the +4 glaive "Puly" {speed, Will+ SInv}
 42083 | Slime:5  | Got a slimy rune of Zot
 42094 | Slime:5  | Identified the +8 plate armour of Ashenzari's Favour {rElec
                  | Dex+3}
 42426 | Depths:1 | Entered Level 1 of the Depths
 42817 | Depths:1 | Noticed a golden dragon
 42962 | Depths:1 | Found a transporter.
 42963 | Depths:1 | Noticed Cein's ghost (veteran DgCj)
 42964 | Depths:1 | Found a transporter.
 42988 | Depths:1 | You fall into a shaft and drop 1 floor!
 43223 | Depths:2 | Found a gateway to Hell.
 43483 | Depths:2 | Reached skill level 24 in Long Blades
 43744 | Depths:2 | Identified the ring of the Trilobite {Ice Str+2 Int+3
                  | Dex+4}
 43744 | Depths:2 | Noticed Josephina
 43748 | Depths:2 | Killed Josephina
 43868 | Depths:2 | Found a one-way gate to the infinite horrors of the Abyss.
 44299 | Depths:2 | Found a one-way gate leading to the halls of Pandemonium.
 44376 | Depths:2 | Found an ancient bone altar of Kikubaaqudgha.
 44648 | Depths:2 | Identified the +6 dagger of the Keeping Salmon {venom,
                  | *Slow rElec Dex+2}
 44804 | Depths:2 | Reached XP level 23. HP: 192/192 MP: 32/32
 45277 | Elf:1    | Entered Level 1 of the Elven Halls
 45304 | Elf:1    | Found a radiant altar of Vehumet.
 45315 | Elf:1    | Reached skill level 25 in Long Blades
 45573 | Elf:1    | Noticed Asterion
 45581 | Elf:1    | Killed Asterion
 46061 | Elf:1    | Got the Almanac of Battling
 46540 | Elf:2    | Reached skill level 26 in Long Blades
 46769 | Elf:2    | Found a runed translucent gate.
 46770 | Elf:2    | Found a runed translucent gate.
 46770 | Elf:2    | Found a runed translucent gate.
 46959 | Elf:3    | Entered Level 3 of the Elven Halls
 47484 | Elf:3    | Identified the +5 hand axe "Dybobool" {venom, Will+}
 47690 | Elf:3    | Identified the amulet "Tolof" {Acrobat rC+}
 47891 | Elf:3    | Identified the staff "Buecwari" {Fly rElec Dex+2 Air}
 48063 | Elf:3    | Got Experienced Incantation
 48064 | Elf:3    | Identified the +4 gold dragon scales of Feasting {rPois rF+
                  | rC+ Regen+ Dex+7}
 48078 | Elf:3    | Identified the +6 halberd of Vopusedy {heavy, rElec Will+++
                  | Int-4 Stlth-}
 48104 | Elf:3    | Got the Annotations on Sandy Cryomancy
 48111 | Elf:3    | Got Wopsae's Compilation of Creepy Hyperthermia
 48170 | Elf:3    | Identified the +2 arbalest of Classification {heavy, ^Drain
                  | rF+ rC+ rN+}
 48171 | Elf:3    | Identified the +9 sling "Hulk" {drain, Dex+3}
 48180 | Elf:3    | Identified the +5 falchion of the Freezing Gods {drain,
                  | Will++ Int+3}
 49113 | Depths:1 | Reached skill level 27 in Long Blades
 49301 | Depths:1 | Reached XP level 24. HP: 204/204 MP: 32/32
 49842 | Depths:3 | Found a one-way gateway to a ziggurat.
 49853 | Depths:3 | Found a burning altar of Makhleb.
 50075 | Depths:3 | Noticed a juggernaut
 50080 | Depths:3 | Killed a juggernaut
 50221 | Depths:3 | Noticed a juggernaut
 50233 | Depths:3 | Killed a juggernaut
 51098 | Depths:3 | Got the Octavo of the Glacier
 51435 | Depths:4 | Entered Level 4 of the Depths
 51662 | Depths:4 | Found a portal to a secret trove of treasure.
 51764 | Depths:4 | Noticed a caustic shrike
 51765 | Depths:4 | Noticed a caustic shrike
 51765 | Depths:4 | Noticed a caustic shrike
 51768 | Depths:4 | Killed a caustic shrike
 51770 | Depths:4 | Killed a caustic shrike
 51773 | Depths:4 | Killed a caustic shrike
 52018 | Depths:4 | Reached XP level 25. HP: 221/221 MP: 32/32
 52370 | Depths:4 | Found a gate to the Realm of Zot.
 52477 | Depths:4 | Identified a scroll of acquirement
 52687 | Zot:1    | Entered Level 1 of the Realm of Zot
 53285 | Zot:1    | Identified the +3 leather armour "Xohyehas" {Regen+ Int+2}
 53324 | Zot:1    | Identified the amulet "Yxicoenu" {Spirit rElec Dex+3}
 54613 | Zot:2    | Acquired a manual of Invocations
 54935 | Zot:2    | Reached skill level 10 in Invocations
 55100 | Zot:3    | Identified the amulet of Equilibrium {rN+ Regen+ Int+2}
 55117 | Zot:3    | Reached XP level 26. HP: 231/231 MP: 21/32
 55437 | Zot:3    | Found a transporter.
 56040 | Zot:4    | Reached skill level 15 in Invocations
 57014 | Zot:4    | Noticed a Killer Klown
 57020 | Zot:4    | Killed a Killer Klown
 57290 | Zot:5    | Entered Level 5 of the Realm of Zot
 57342 | Zot:5    | Found a huge runed translucent gate.
 57342 | Zot:5    | Found a huge runed translucent gate.
 57342 | Zot:5    | Found a huge runed translucent gate.
 57342 | Zot:5    | Found a huge runed translucent gate.
 57342 | Zot:5    | Found a huge runed translucent gate.
 57342 | Zot:5    | Found a huge runed translucent gate.
 57342 | Zot:5    | Found a huge runed translucent gate.
 57342 | Zot:5    | Found a huge runed translucent gate.
 57342 | Zot:5    | Found a huge runed translucent gate.
 57343 | Zot:5    | Found a huge runed translucent gate.
 57343 | Zot:5    | Found a huge runed translucent gate.
 57343 | Zot:5    | Found a huge runed translucent gate.
 57344 | Zot:5    | Found a huge runed translucent gate.
 57345 | Zot:5    | Found a huge runed translucent gate.
 57346 | Zot:5    | Found a huge runed translucent gate.
 57375 | Zot:5    | Found a huge runed translucent gate.
 57375 | Zot:5    | Found a huge runed translucent gate.
 57375 | Zot:5    | Found a huge runed translucent gate.
 57462 | Zot:5    | Found a huge runed translucent gate.
 57462 | Zot:5    | Found a huge runed translucent gate.
 57462 | Zot:5    | Found a huge runed translucent gate.
 57462 | Zot:5    | Found a huge runed translucent gate.
 57462 | Zot:5    | Found a huge runed translucent gate.
 57462 | Zot:5    | Found a huge runed translucent gate.
 57463 | Zot:5    | Found a huge runed translucent gate.
 57463 | Zot:5    | Found a huge runed translucent gate.
 57464 | Zot:5    | Found a huge runed translucent gate.
 57475 | Zot:5    | Found a huge runed translucent gate.
 57481 | Zot:5    | Found a huge runed translucent gate.
 57482 | Zot:5    | Found a huge runed translucent gate.
 57482 | Zot:5    | Found a huge runed translucent gate.
 57483 | Zot:5    | Found a huge runed translucent gate.
 57483 | Zot:5    | Found a huge runed translucent gate.
 57484 | Zot:5    | Found a huge runed translucent gate.
 57484 | Zot:5    | Found a huge runed translucent gate.
 57492 | Zot:5    | Found a huge runed translucent gate.
 57751 | Zot:5    | Noticed a dread lich
 57754 | Zot:5    | Noticed an ancient lich
 57755 | Zot:5    | Noticed an ancient lich
 57756 | Zot:5    | Killed a dread lich
 57757 | Zot:5    | Reached skill level 10 in Spellcasting
 57757 | Zot:5    | Killed an ancient lich
 57758 | Zot:5    | Killed an ancient lich
 57831 | Zot:5    | Noticed a Killer Klown
 57856 | Zot:5    | Killed a Killer Klown
 58073 | Zot:5    | Noticed an orb of fire
 58076 | Zot:5    | Noticed a dread lich
 58079 | Zot:5    | Killed a dread lich
 58097 | Zot:5    | Gained mutation: You occasionally shout uncontrollably at
                  | your foes. [an orb of fire]
 58098 | Zot:5    | Killed an orb of fire
 58236 | Zot:5    | Noticed a Killer Klown
 58241 | Zot:5    | Killed a Killer Klown
 58249 | Zot:5    | Noticed an ancient lich
 58308 | Zot:5    | Noticed an orb of fire
 58309 | Zot:5    | Reached XP level 27. HP: 213/238 MP: 33/39
 58311 | Zot:5    | Killed an orb of fire
 58314 | Zot:5    | Noticed an ancient lich
 58325 | Zot:5    | Noticed an orb of fire
 58564 | Zot:5    | Killed an ancient lich
 58566 | Zot:5    | Killed an ancient lich
 58569 | Zot:5    | Gained mutation: You frequently scream uncontrollably at
                  | your foes. [an orb of fire]
 58570 | Zot:5    | Killed an orb of fire
 58700 | Zot:5    | Noticed an orb of fire
 58702 | Zot:5    | Lost mutation: You are partially covered in large bone
                  | plates. (SH +4) [an orb of fire]
 58708 | Zot:5    | Killed an orb of fire
 58729 | Zot:5    | Noticed an ancient lich
 58732 | Zot:5    | Killed an ancient lich
 58734 | Zot:5    | Noticed a dread lich
 58735 | Zot:5    | Noticed a dread lich
 58737 | Zot:5    | Killed a dread lich
 58740 | Zot:5    | Killed a dread lich
 59008 | Zot:5    | Got the Orb of Zot
 59041 | Zot:5    | Noticed an ancient lich
 59048 | Zot:5    | Killed an ancient lich
 59092 | Zot:5    | Noticed Acipn the pandemonium lord
 59097 | Zot:5    | Killed Acipn the pandemonium lord
 59132 | Zot:2    | Noticed Ciar the pandemonium lord
 59135 | Zot:2    | Killed Ciar the pandemonium lord
 59454 | D:12     | Noticed Qiaqupt the pandemonium lord
 59459 | D:12     | Killed Qiaqupt the pandemonium lord
 59712 | D:$      | Escaped with the Orb!

Illustrated notes

Levels and vault maps discovered:
D:1:      giann_forest_graveyard, layout_loops_ring,
          dreamdust_ecumenical_altar_statues
D:2:      layout_basic, serial_aquarium, aquarium_bridge_straight
          [aquarium_subvault_bridge, aquarium_subvault_balcony,
          aquarium_subvault_bridge, aquarium_subvault_wall],
          aquarium_bridge_square [aquarium_subvault_bridge,
          aquarium_subvault_balcony, aquarium_subvault_bridge,
          aquarium_subvault_balcony], aquarium_window_1, aquarium_window_1,
          aquarium_view_2e, aquarium_view_2d, aquarium_balcony_double_1,
          corexii_corridor_pit, uniq_terence
D:3:      layout_rooms, riverfiend_overflow_shadow_ancestor,
          nicolae_uskayaw_murder_on_the_dancefloor, portal_sewer_entry_d,
          serial_shops, shop_statue, nicolae_shop_just_a_little_nook, shop
D:4:      layout_loops_ring, led_sif_pool, kennysheep_little_box,
          grunt_ministairs_9
D:5:      minmay_octagon_keep, layout_cave_pools, marbit_many_paths,
          mainiacjoe_overflow_small_starburst, roderic_three_in_a_row,
          nrook_uturn, chequers_serial_rivers_micro_c, goddamned_bats
D:6:      layout_layer_cave, minmay_temple_entry_crystal_x, serial_shops,
          nicolae_shop_waterfront
D:7:      layout_rooms, lemuel_mausoleum_altar_kikubaaqudgha,
          serial_corexii_hall, chequers_hall_statues_corner_a,
          corexii_hall_statues_i
D:8:      layout_basic, nicolae_qazlal_style_of_elements, serial_curves,
          eino_curves_03, eino_curves_03
D:9:      layout_loops_ring, david_lair_generic, uniq_pikel, uniq_gastronok
D:10:     layout_layer_cave, minmay_circle_x, uniq_urug
D:11:     layout_basic, gauntlet_entry_generic
D:12:     nzn_winding_woodlands_small [nzn_winding_woodlands_5x15_sidewinder,
          nzn_winding_woodlands_center_diamonds,
          nzn_winding_woodlands_5x15_garden], layout_basic, orc_0_dummy,
          gammafunk_ghost_fury_of_okawaru, uniq_nergalle
D:13:     layout_loops_ring, hellmonk_vaults_keyhole, serial_shops, shop
D:14:     layout_irregular_city, nicolae_ru_awakened_eye,
          kennysheep_decorative_pillar, skrybe_limestone_x,
          minmay_misc_feat_plants, dreamdust_princess_bridge
D:15:     gammafunk_enter_depths_forms, layout_cave_pools
Lair:1:   layout_long_grid, grunt_megastairs_1, lemuel_fruit_fields
Lair:2:   layout_cave_pods, elwin_shoals_entry_rocks, spider_nest_entry_rubble,
          grunt_forest_large_clearings, grunt_megastairs_2
Lair:3:   hellmonk_destroyed_diamonds, layout_layer_cave, serial_bayou_shore_b,
          uniq_nessos
Lair:4:   layout_cellular_growth, uniq_sonja
Lair:5:   hangedman_lair_in_review, layout_gridlike, slime_entry_1,
          serial_bayou_shore_b, serial_bayou_shore_a, lemuel_fruit_tree
Shoals:1: layout_shoals, serial_shops, shop, uniq_donald
Shoals:2: layout_shoals, uniq_frances
Shoals:3: layout_shoals, ebering_ghost_reflecting_pool, lightli_airlock
Shoals:4: shoals_end_hellmonk_storm_palace [storm_palace_center_ruins,
          storm_palace_corner_altar, storm_palace_corner_blocked,
          storm_palace_corner_grid, storm_palace_corner_reverse_hut], uniq_aizul
Spider:1: layout_cave_pods, nicolae_spider_claw_tunnel
Spider:2: layout_spider_delve, drop_trap
Spider:3: nicolae_spider_hilbert_zone_3 [nicolae_spider_hilbert_4_sides_2_open,
          nicolae_spider_hilbert_3_sides_1_open,
          nicolae_spider_hilbert_3_sides_1_open,
          nicolae_spider_hilbert_3_sides_1_open,
          nicolae_spider_hilbert_3_sides_1_open,
          nicolae_spider_hilbert_4_sides_1_open,
          nicolae_spider_hilbert_4_sides_1_open,
          nicolae_spider_hilbert_4_sides_1_open,
          nicolae_spider_hilbert_4_sides_1_open,
          nicolae_spider_hilbert_4_sides_1_open,
          nicolae_spider_hilbert_4_sides_1_open,
          nicolae_spider_hilbert_4_sides_1_open,
          nicolae_spider_hilbert_4_sides_1_open,
          nicolae_spider_hilbert_3_sides_1_open,
          nicolae_spider_hilbert_3_sides_1_open,
          nicolae_spider_hilbert_3_sides_1_open,
          nicolae_spider_hilbert_3_sides_1_open], drop_trap, uniq_mara
Spider:4: grunt_spider_rune_parallel
Slime:1:  layout_caves
Slime:2:  layout_caves
Slime:3:  layout_caves
Slime:4:  layout_caves
Slime:5:  slime_pit_nicolae_block_by_block
Orc:1:    layout_diamond_mine, portal_ice_cave_entry_ice_simulacra
Orc:2:    st_orc_ogre_mass, layout_diamond_mine, serial_shops, shop,
          nicolae_volcano_entry_lava_flow
Elf:1:    eino_elf_arrival_altar, layout_geoelf_octagon,
          minmay_elf_annihilation, uniq_asterion
Elf:2:    nicolae_elf_blades_crystal_corner, layout_geoelf_diagonals,
          uniq_norris
Elf:3:    minmay_elf_hall_x, layout_gridlike
Vaults:1: v_misc_22, nicolae_vaults_surprise_closet,
          ontoclasm_vaults_misaligned, nicolae_vaults_turnstiles,
          nicolae_vaults_tetromino_T_1, nicolae_vaults_tangram_2,
          vaults_dpeg_emergency_exit, layout_vaults_big_room
Vaults:2: mu_enter_wizlab_3, grunt_vaults_swirl,
          nicolae_vaults_ring_of_whatevers, nicolae_vaults_network_quinsquares
          [nicolae_vaults_network_quincunx_subvault,
          nicolae_vaults_network_quincunx_subvault,
          nicolae_vaults_network_quincunx_subvault,
          nicolae_vaults_network_quincunx_subvault], v_misc_26,
          nicolae_vaults_sesquioval_fish, ontoclasm_vaults_bender, serial_ice_h,
          nicolae_vaults_circle_grid_a, nicolae_vaults_tetromino_L_2, v_misc_8,
          vaults_dpeg_spiral, nicolae_vaults_border_crossing,
          vaults_standard_mumra_enter_the_diamond, layout_vaults_omnicross,
          uniq_zenata
Vaults:3: vaults_standard_mumra_enter_the_diamond,
          minmay_crypt_entry_simple_box, nicolae_vaults_offset_grid_hallway_4,
          v_rooms_4, v_misc_15, vaults_dpeg_hooks, hangedman_vaults_trim,
          nicolae_vaults_double_plus_2, v_rooms_4,
          nicolae_vaults_trapezoid_lopsided_2, v_alt_pattern_6,
          vaults_room_hallway, nicolae_vaults_weapon_check,
          nicolae_vaults_trapezoid_1, layout_vaults_ring
Vaults:4: nicolae_vaults_apartment_1, vaults_room_fours, ontoclasm_vaults_eye,
          nicolae_vaults_surprise_closet, nicolae_vaults_sesquioval_fish,
          layout_vaults_omnigrid
Depths:1: layout_gridlike, hangedman_coc_ice_floe, minmay_room_of_horrors,
          gammafunk_ghost_arena, grunt_pan_entry_spiral,
          kennysheep_generic_room_9
Depths:2: evilmike_negative_zone, layout_twisted_cross, hell_entry,
          rand_demon_pan_entry_4, abyss_entry_glasseish, chequers_jeans,
          st_stairs_6, kennysheep_donut, uniq_josephina
Depths:3: minmay_the_grid_square_5x5_5x5_mashed
          [minmay_the_grid_square_5x5_minimal,
          minmay_the_grid_square_5x5_checkered_statues,
          minmay_the_grid_square_5x5_three,
          minmay_the_grid_square_5x5_checkered,
          minmay_the_grid_square_5x5_shrine1, minmay_the_grid_square_5x5_two,
          minmay_the_grid_square_5x5_prize_open,
          minmay_the_grid_square_5x5_shrine2,
          minmay_the_grid_square_5x5_prize_snowflake,
          minmay_the_grid_square_5x5_tie, minmay_the_grid_square_5x5_six_small,
          minmay_the_grid_square_5x5_dogpile,
          minmay_the_grid_square_5x5_prize_rear_guard,
          minmay_the_grid_square_5x5_inner_z,
          minmay_the_grid_square_5x5_tetrominoes,
          minmay_the_grid_square_5x5_minivault,
          minmay_the_grid_square_5x5_prize_deathbox,
          minmay_the_grid_square_5x5_gyroscope,
          minmay_the_grid_square_5x5_prize_monsterx,
          minmay_the_grid_square_5x5_six,
          minmay_the_grid_square_5x5_half_checkered,
          minmay_the_grid_square_5x5_n_small, minmay_the_grid_square_5x5_empty,
          minmay_the_grid_square_5x5_three_walls,
          minmay_the_grid_square_5x5_slash], layout_gridville, enter_ziggurat_f,
          abyss_entry, nicolae_concentric_dashed_squares_mild,
          grunt_hell_entry_dis_old, minmay_staircase_statues, firewood_loft
Depths:4: evilmike_zot_entry_hall, layout_small_grid, hell_entry,
          trove_entry_hex_spiral, minmay_splitting_lines, pan_entry
Zot:1:    regret_index_all_hallows'_manor, layout_misc_corridors
Zot:2:    layout_onion, regret_index_zotdec_stipple_waver
Zot:3:    layout_cathedral_of_symmetry, hangedman_zot_decor_slant,
          nicolae_diode_basic
Zot:4:    kennysheep_blocky_room, layout_concentric_octagons
Zot:5:    layout_misc_corridors, not_door_vault_due

Skill      XL: |  1  2  3  4  5  6  7  8  9 10 11 12 13 14 15 16 17 18 19 20 21 22 23 24 25 26 27 |
---------------+----------------------------------------------------------------------------------+-----
Throwing       | 3 4 5 |  5.0
Dodging        | 4 7 8 10 11 13 14 15 17 18 20 21 22 23 | 23.8
Fighting       | 4 5 7 8 9 10 11 12 14 15 17 18 20 23 24 | 24.8
Long Blades    | 3 6 8 11 15 17 18 19 20 22 24 27 | 27.0
Invocations    | 1 4 6 8 9 12 17 | 17.0
Translocations | 4 7 8 11 15 18 19 | 19.2
Evocations     | 8 10 | 10.0
Armour         | 4 |  4.7
Spellcasting   | 6 12 14 | 14.1
Short Blades   | |  2.4
Stealth        | |  4.3

Action                     |  1- 3 |  4- 6 |  7- 9 | 10-12 | 13-15 | 16-18 | 19-21 | 22-24 | 25-27 || total
---------------------------+-------+-------+-------+-------+-------+-------+-------+-------+-------++-------
  Melee: Dagger            |   107 |   105 |   109 |       |       |       |       |       |       ||   321
         Tailslap          |       |     6 |       |       |       |    29 |     5 |       |       ||    40
         Falchion          |       |       |   280 |    69 |       |       |       |       |       ||   349
         Great sword       |       |       |       |   378 |   763 |   857 |  1005 |   803 |       ||  3806
         Unarmed           |       |       |       |       |       |       |     9 |       |       ||     9
         Triple sword      |       |       |       |       |       |       |       |   410 |   888 ||  1298
  Throw: Dart              |       |    24 |    15 |     1 |     4 |       |       |       |       ||    44
         Throwing net      |       |       |       |       |       |       |     1 |       |       ||     1
   Cast: Lesser Beckoning  |       |       |       |       |     2 |    16 |    30 |     1 |       ||    49
         Gell's Gavotte    |       |       |       |       |       |     2 |     1 |       |       ||     3
         Dispersal         |       |       |       |       |       |     1 |     1 |     4 |       ||     6
         Maxwell's Portabl |       |       |       |       |       |     1 |       |     1 |       ||     2
         Apportation       |       |       |       |       |       |     1 |       |       |       ||     1
         Manifold Assault  |       |       |       |       |       |       |    67 |   178 |   102 ||   347
         Blink             |       |       |       |       |       |       |     1 |     1 |       ||     2
 Invoke: Recall Ancestor   |       |       |     1 |     5 |     3 |     4 |     2 |     6 |     4 ||    25
         Ancestor Life: He |       |       |     1 |       |       |       |       |       |       ||     1
         Idealise          |       |       |       |     2 |     1 |     2 |     2 |     1 |     1 ||     9
         Transference      |       |       |       |       |     1 |       |       |       |       ||     1
  Evoke: Wand              |       |       |       |     2 |     2 |     8 |     1 |       |     1 ||    14
         Condenser vane    |       |       |       |       |     2 |     4 |       |     1 |       ||     7
         Box of beasts     |       |       |       |       |     1 |     2 |       |     1 |       ||     4
         Lightning rod     |       |       |       |       |       |     4 |     3 |     8 |       ||    15
         Phantom mirror    |       |       |       |       |       |     1 |       |     1 |       ||     2
         Gell's gravitambo |       |       |       |       |       |       |     1 |       |       ||     1
    Use: Potion            |       |     2 |     3 |     1 |     2 |     6 |     4 |     6 |     5 ||    29
         Scroll            |       |       |    14 |     1 |    12 |     6 |     7 |     7 |     4 ||    51
   Stab: Sleeping          |    12 |    10 |    20 |     9 |     6 |    16 |    17 |    10 |     7 ||   107
         Distracted        |       |     1 |     4 |     7 |    21 |    14 |    14 |    17 |    20 ||    98
         Confused          |       |       |     2 |     9 |    29 |    31 |    45 |    29 |    23 ||   168
         Paralysed         |       |       |       |     1 |    21 |    64 |    53 |    33 |    21 ||   193
 Armour: Robe              |    42 |    49 |    26 |       |       |       |    27 |       |       ||   144
         Ring mail         |       |       |   174 |   202 |   115 |       |       |       |       ||   491
         Leather armour    |       |       |       |       |    94 |   217 |   151 |   163 |   154 ||   779
  Dodge: Dodged            |    55 |    49 |   310 |   320 |   613 |  1180 |   713 |   563 |   611 ||  4414
         Repelled          |       |       |       |       |       |       |    11 |    33 |    29 ||    73
  Block: Other             |       |       |       |       |       |       |     4 |    62 |    68 ||   134

Table legend: (Time is in decaauts)
 A = Elapsed time spent in this place.
 B = Non-inter-level travel time spent in this place.
 C = Inter-level travel time spent in this place.
 D = Time resting spent in this place.
 E = Time spent auto-exploring this place.
 F = Levels seen in this place.
 G = Mean time per level.
                   A        B        C        D        E       F      G
               +--------+--------+--------+--------+--------+-----+--------+
         Total |  57865 |  53792 |   4073 |   8335 |  32222 |  56 | 1033.3 |
       Dungeon |  14102 |  12373 |   1729 |    756 |   8592 |  15 |  940.1 |
          Lair |   7745 |   6970 |    775 |   1350 |   4257 |   5 | 1549.0 |
        Shoals |   2805 |   2703 |    102 |    379 |   1248 |   4 |  701.2 |
   Spider Nest |   4141 |   3929 |    212 |    543 |   2152 |   4 | 1035.2 |
    Slime Pits |   3216 |   3136 |     80 |   1408 |    967 |   5 |  643.2 |
  Orcish Mines |   1398 |   1200 |    198 |     37 |    767 |   2 |  699.0 |
   Elven Halls |   3311 |   3163 |    148 |    658 |   1862 |   3 | 1103.7 |
        Vaults |   5960 |   5729 |    231 |   1063 |   3800 |   4 | 1490.0 |
        Depths |   6457 |   6106 |    351 |    636 |   4321 |   4 | 1614.2 |
           Zot |   6361 |   6119 |    242 |   1088 |   3748 |   5 | 1272.2 |
         Sewer |    751 |    751 |      0 |    275 |    165 |   1 |  751.0 |
      Ice Cave |    388 |    388 |      0 |     38 |    122 |   1 |  388.0 |
       Volcano |    498 |    498 |      0 |      0 |    194 |   1 |  498.0 |
        Wizlab |    351 |    351 |      0 |     43 |      3 |   1 |  351.0 |
      Gauntlet |    374 |    374 |      0 |     59 |     21 |   1 |  374.0 |
               +--------+--------+--------+--------+--------+-----+--------+

Top non-repeatable levels by time:
Depths:2: 2263 daAuts
Vaults:2: 2074 daAuts
  Lair:2: 2072 daAuts
 Slime:5: 1688 daAuts
  Lair:5: 1677 daAuts
Depths:3: 1653 daAuts
   Elf:3: 1582 daAuts
Vaults:3: 1564 daAuts
   Zot:5: 1526 daAuts
   Zot:4: 1524 daAuts
  Lair:1: 1453 daAuts
  Lair:3: 1424 daAuts
   Zot:1: 1379 daAuts
     D:9: 1341 daAuts
     D:6: 1338 daAuts

Levels and vault maps discovered:
D:1:      giann_forest_graveyard, layout_loops_ring,
          dreamdust_ecumenical_altar_statues
D:2:      layout_basic, serial_aquarium, aquarium_bridge_straight
          [aquarium_subvault_bridge, aquarium_subvault_balcony,
          aquarium_subvault_bridge, aquarium_subvault_wall],
          aquarium_bridge_square [aquarium_subvault_bridge,
          aquarium_subvault_balcony, aquarium_subvault_bridge,
          aquarium_subvault_balcony], aquarium_window_1, aquarium_window_1,
          aquarium_view_2e, aquarium_view_2d, aquarium_balcony_double_1,
          corexii_corridor_pit, uniq_terence
D:3:      layout_rooms, riverfiend_overflow_shadow_ancestor,
          nicolae_uskayaw_murder_on_the_dancefloor, portal_sewer_entry_d,
          serial_shops, shop_statue, nicolae_shop_just_a_little_nook, shop
D:4:      layout_loops_ring, led_sif_pool, kennysheep_little_box,
          grunt_ministairs_9
D:5:      minmay_octagon_keep, layout_cave_pools, marbit_many_paths,
          mainiacjoe_overflow_small_starburst, roderic_three_in_a_row,
          nrook_uturn, chequers_serial_rivers_micro_c, goddamned_bats
D:6:      layout_layer_cave, minmay_temple_entry_crystal_x, serial_shops,
          nicolae_shop_waterfront
D:7:      layout_rooms, lemuel_mausoleum_altar_kikubaaqudgha,
          serial_corexii_hall, chequers_hall_statues_corner_a,
          corexii_hall_statues_i
D:8:      layout_basic, nicolae_qazlal_style_of_elements, serial_curves,
          eino_curves_03, eino_curves_03
D:9:      layout_loops_ring, david_lair_generic, uniq_pikel, uniq_gastronok
D:10:     layout_layer_cave, minmay_circle_x, uniq_urug
D:11:     layout_basic, gauntlet_entry_generic
D:12:     nzn_winding_woodlands_small [nzn_winding_woodlands_5x15_sidewinder,
          nzn_winding_woodlands_center_diamonds,
          nzn_winding_woodlands_5x15_garden], layout_basic, orc_0_dummy,
          gammafunk_ghost_fury_of_okawaru, uniq_nergalle
D:13:     layout_loops_ring, hellmonk_vaults_keyhole, serial_shops, shop
D:14:     layout_irregular_city, nicolae_ru_awakened_eye,
          kennysheep_decorative_pillar, skrybe_limestone_x,
          minmay_misc_feat_plants, dreamdust_princess_bridge
D:15:     gammafunk_enter_depths_forms, layout_cave_pools
Lair:1:   layout_long_grid, grunt_megastairs_1, lemuel_fruit_fields
Lair:2:   layout_cave_pods, elwin_shoals_entry_rocks, spider_nest_entry_rubble,
          grunt_forest_large_clearings, grunt_megastairs_2
Lair:3:   hellmonk_destroyed_diamonds, layout_layer_cave, serial_bayou_shore_b,
          uniq_nessos
Lair:4:   layout_cellular_growth, uniq_sonja
Lair:5:   hangedman_lair_in_review, layout_gridlike, slime_entry_1,
          serial_bayou_shore_b, serial_bayou_shore_a, lemuel_fruit_tree
Shoals:1: layout_shoals, serial_shops, shop, uniq_donald
Shoals:2: layout_shoals, uniq_frances
Shoals:3: layout_shoals, ebering_ghost_reflecting_pool, lightli_airlock
Shoals:4: shoals_end_hellmonk_storm_palace [storm_palace_center_ruins,
          storm_palace_corner_altar, storm_palace_corner_blocked,
          storm_palace_corner_grid, storm_palace_corner_reverse_hut], uniq_aizul
Spider:1: layout_cave_pods, nicolae_spider_claw_tunnel
Spider:2: layout_spider_delve, drop_trap
Spider:3: nicolae_spider_hilbert_zone_3 [nicolae_spider_hilbert_4_sides_2_open,
          nicolae_spider_hilbert_3_sides_1_open,
          nicolae_spider_hilbert_3_sides_1_open,
          nicolae_spider_hilbert_3_sides_1_open,
          nicolae_spider_hilbert_3_sides_1_open,
          nicolae_spider_hilbert_4_sides_1_open,
          nicolae_spider_hilbert_4_sides_1_open,
          nicolae_spider_hilbert_4_sides_1_open,
          nicolae_spider_hilbert_4_sides_1_open,
          nicolae_spider_hilbert_4_sides_1_open,
          nicolae_spider_hilbert_4_sides_1_open,
          nicolae_spider_hilbert_4_sides_1_open,
          nicolae_spider_hilbert_4_sides_1_open,
          nicolae_spider_hilbert_3_sides_1_open,
          nicolae_spider_hilbert_3_sides_1_open,
          nicolae_spider_hilbert_3_sides_1_open,
          nicolae_spider_hilbert_3_sides_1_open], drop_trap, uniq_mara
Spider:4: grunt_spider_rune_parallel
Slime:1:  layout_caves
Slime:2:  layout_caves
Slime:3:  layout_caves
Slime:4:  layout_caves
Slime:5:  slime_pit_nicolae_block_by_block
Orc:1:    layout_diamond_mine, portal_ice_cave_entry_ice_simulacra
Orc:2:    st_orc_ogre_mass, layout_diamond_mine, serial_shops, shop,
          nicolae_volcano_entry_lava_flow
Elf:1:    eino_elf_arrival_altar, layout_geoelf_octagon,
          minmay_elf_annihilation, uniq_asterion
Elf:2:    nicolae_elf_blades_crystal_corner, layout_geoelf_diagonals,
          uniq_norris
Elf:3:    minmay_elf_hall_x, layout_gridlike
Vaults:1: v_misc_22, nicolae_vaults_surprise_closet,
          ontoclasm_vaults_misaligned, nicolae_vaults_turnstiles,
          nicolae_vaults_tetromino_T_1, nicolae_vaults_tangram_2,
          vaults_dpeg_emergency_exit, layout_vaults_big_room
Vaults:2: mu_enter_wizlab_3, grunt_vaults_swirl,
          nicolae_vaults_ring_of_whatevers, nicolae_vaults_network_quinsquares
          [nicolae_vaults_network_quincunx_subvault,
          nicolae_vaults_network_quincunx_subvault,
          nicolae_vaults_network_quincunx_subvault,
          nicolae_vaults_network_quincunx_subvault], v_misc_26,
          nicolae_vaults_sesquioval_fish, ontoclasm_vaults_bender, serial_ice_h,
          nicolae_vaults_circle_grid_a, nicolae_vaults_tetromino_L_2, v_misc_8,
          vaults_dpeg_spiral, nicolae_vaults_border_crossing,
          vaults_standard_mumra_enter_the_diamond, layout_vaults_omnicross,
          uniq_zenata
Vaults:3: vaults_standard_mumra_enter_the_diamond,
          minmay_crypt_entry_simple_box, nicolae_vaults_offset_grid_hallway_4,
          v_rooms_4, v_misc_15, vaults_dpeg_hooks, hangedman_vaults_trim,
          nicolae_vaults_double_plus_2, v_rooms_4,
          nicolae_vaults_trapezoid_lopsided_2, v_alt_pattern_6,
          vaults_room_hallway, nicolae_vaults_weapon_check,
          nicolae_vaults_trapezoid_1, layout_vaults_ring
Vaults:4: nicolae_vaults_apartment_1, vaults_room_fours, ontoclasm_vaults_eye,
          nicolae_vaults_surprise_closet, nicolae_vaults_sesquioval_fish,
          layout_vaults_omnigrid
Depths:1: layout_gridlike, hangedman_coc_ice_floe, minmay_room_of_horrors,
          gammafunk_ghost_arena, grunt_pan_entry_spiral,
          kennysheep_generic_room_9
Depths:2: evilmike_negative_zone, layout_twisted_cross, hell_entry,
          rand_demon_pan_entry_4, abyss_entry_glasseish, chequers_jeans,
          st_stairs_6, kennysheep_donut, uniq_josephina
Depths:3: minmay_the_grid_square_5x5_5x5_mashed
          [minmay_the_grid_square_5x5_minimal,
          minmay_the_grid_square_5x5_checkered_statues,
          minmay_the_grid_square_5x5_three,
          minmay_the_grid_square_5x5_checkered,
          minmay_the_grid_square_5x5_shrine1, minmay_the_grid_square_5x5_two,
          minmay_the_grid_square_5x5_prize_open,
          minmay_the_grid_square_5x5_shrine2,
          minmay_the_grid_square_5x5_prize_snowflake,
          minmay_the_grid_square_5x5_tie, minmay_the_grid_square_5x5_six_small,
          minmay_the_grid_square_5x5_dogpile,
          minmay_the_grid_square_5x5_prize_rear_guard,
          minmay_the_grid_square_5x5_inner_z,
          minmay_the_grid_square_5x5_tetrominoes,
          minmay_the_grid_square_5x5_minivault,
          minmay_the_grid_square_5x5_prize_deathbox,
          minmay_the_grid_square_5x5_gyroscope,
          minmay_the_grid_square_5x5_prize_monsterx,
          minmay_the_grid_square_5x5_six,
          minmay_the_grid_square_5x5_half_checkered,
          minmay_the_grid_square_5x5_n_small, minmay_the_grid_square_5x5_empty,
          minmay_the_grid_square_5x5_three_walls,
          minmay_the_grid_square_5x5_slash], layout_gridville, enter_ziggurat_f,
          abyss_entry, nicolae_concentric_dashed_squares_mild,
          grunt_hell_entry_dis_old, minmay_staircase_statues, firewood_loft
Depths:4: evilmike_zot_entry_hall, layout_small_grid, hell_entry,
          trove_entry_hex_spiral, minmay_splitting_lines, pan_entry
Zot:1:    regret_index_all_hallows'_manor, layout_misc_corridors
Zot:2:    layout_onion, regret_index_zotdec_stipple_waver
Zot:3:    layout_cathedral_of_symmetry, hangedman_zot_decor_slant,
          nicolae_diode_basic
Zot:4:    kennysheep_blocky_room, layout_concentric_octagons
Zot:5:    layout_misc_corridors, not_door_vault_due

Table legend: (Time is in decaauts)
 A = Elapsed time spent in this place.
 B = Non-inter-level travel time spent in this place.
 C = Inter-level travel time spent in this place.
 D = Time resting spent in this place.
 E = Time spent auto-exploring this place.
 F = Levels seen in this place.
 G = Mean time per level.
                   A        B        C        D        E       F      G
               +--------+--------+--------+--------+--------+-----+--------+
         Total |  57865 |  53792 |   4073 |   8335 |  32222 |  56 | 1033.3 |
       Dungeon |  14102 |  12373 |   1729 |    756 |   8592 |  15 |  940.1 |
          Lair |   7745 |   6970 |    775 |   1350 |   4257 |   5 | 1549.0 |
        Shoals |   2805 |   2703 |    102 |    379 |   1248 |   4 |  701.2 |
   Spider Nest |   4141 |   3929 |    212 |    543 |   2152 |   4 | 1035.2 |
    Slime Pits |   3216 |   3136 |     80 |   1408 |    967 |   5 |  643.2 |
  Orcish Mines |   1398 |   1200 |    198 |     37 |    767 |   2 |  699.0 |
   Elven Halls |   3311 |   3163 |    148 |    658 |   1862 |   3 | 1103.7 |
        Vaults |   5960 |   5729 |    231 |   1063 |   3800 |   4 | 1490.0 |
        Depths |   6457 |   6106 |    351 |    636 |   4321 |   4 | 1614.2 |
           Zot |   6361 |   6119 |    242 |   1088 |   3748 |   5 | 1272.2 |
         Sewer |    751 |    751 |      0 |    275 |    165 |   1 |  751.0 |
      Ice Cave |    388 |    388 |      0 |     38 |    122 |   1 |  388.0 |
       Volcano |    498 |    498 |      0 |      0 |    194 |   1 |  498.0 |
        Wizlab |    351 |    351 |      0 |     43 |      3 |   1 |  351.0 |
      Gauntlet |    374 |    374 |      0 |     59 |     21 |   1 |  374.0 |
               +--------+--------+--------+--------+--------+-----+--------+

Top non-repeatable levels by time:
Depths:2: 2263 daAuts
Vaults:2: 2074 daAuts
  Lair:2: 2072 daAuts
 Slime:5: 1688 daAuts
  Lair:5: 1677 daAuts
Depths:3: 1653 daAuts
   Elf:3: 1582 daAuts
Vaults:3: 1564 daAuts
   Zot:5: 1526 daAuts
   Zot:4: 1524 daAuts
  Lair:1: 1453 daAuts
  Lair:3: 1424 daAuts
   Zot:1: 1379 daAuts
     D:9: 1341 daAuts
     D:6: 1338 daAuts

Table legend:
 A = Kills in this place as a percentage of kills in the entire game.
 B = Kills by you in this place as a percentage of kills by you in the entire game.
 C = Kills by friends in this place as a percentage of kills by friends in the entire game.
 D = Other kills in this place as a percentage of other kills in the entire game.
 E = Experience gained in this place as a percentage of experience gained in the entire game.
 F = Experience gained in this place divided by the number of levels of this place that you have seen.
                   A       B       C       D       E      F
               +-------+-------+-------+-------+-------+----------------------
         Total | 100.0 | 100.0 | 100.0 | 100.0 | 100.0 | 24187.4
       Dungeon |  17.2 |  16.5 |  20.4 |  23.3 |   5.9 | 5298.5
          Lair |   9.8 |   8.4 |  18.7 |   6.7 |   4.3 | 11642.2
        Shoals |   8.3 |   8.6 |   6.4 |   6.7 |   7.0 | 23803.2
   Spider Nest |  11.2 |  11.2 |  10.7 |  20.0 |   8.5 | 28711.8
    Slime Pits |   5.6 |   5.3 |   7.4 |   3.3 |   6.3 | 16953.0
  Orcish Mines |   3.7 |   3.8 |   3.0 |   3.3 |   1.5 | 10463.0
   Elven Halls |   6.5 |   6.8 |   5.0 |   6.7 |   8.1 | 36540.0
        Vaults |   9.3 |  10.1 |   4.3 |   6.7 |  11.0 | 37164.0
        Depths |  12.9 |  13.3 |  10.7 |  13.3 |  18.7 | 63420.2
           Zot |  11.1 |  11.2 |  10.4 |  10.0 |  26.5 | 71825.8
         Sewer |   0.9 |   1.0 |   0.0 |   0.0 |   0.0 | 486.0
      Ice Cave |   1.3 |   1.4 |   0.3 |   0.0 |   0.3 | 3776.0
       Volcano |   0.7 |   0.7 |   0.7 |   0.0 |   0.2 | 3037.0
        Wizlab |   1.4 |   1.3 |   2.0 |   0.0 |   1.4 | 19244.0
      Gauntlet |   0.4 |   0.4 |   0.0 |   0.0 |   0.3 | 3424.0
               +-------+-------+-------+-------+-------+----------------------
